 Dungeon Crawl Stone Soup version 0.31.0-12-g77e489cdc1 (webtiles) character file.

Game seed: 14007786058470573372

28 Arctor the Firebug (level 3, 0/19 HPs)
             Began as a Deep Elf Fire Elementalist on Feb 16, 2024.
             Slain by a ribbon worm (8 damage)
             ... on level 2 of the Dungeon.
             The game lasted 00:00:37 (1184 turns).

Arctor the Firebug (Deep Elf Fire Elementalist)     Turns: 1184, Time: 00:00:37

Health: 0/19       AC:  2    Str:  5    XL:     3   Next: 0%
Magic:  0/9        EV: 13    Int: 21    God:
Gold:   79         SH:  0    Dex: 15    Spells: 5/8 levels left

rFire   . . .        (no weapon)
rCold   . . .        (no shield)
rNeg    . . .        a - +0 robe
rPois   .            (no helmet)
rElec   .            (no cloak)
rCorr   .            (no gloves)
SInv    .            (no boots)
Will    .....        (no amulet)
Stlth   ++           (no ring)
HPRegen 0.23/turn    (no ring)
MPRegen 0.11/turn

%: no passive effects
@: no status effects
A: no striking features
a: no special abilities


You were on level 2 of the Dungeon.
You visited 1 branch of the dungeon, and saw 2 of its levels.

You collected 79 gold pieces.

Inventory:

Armour
 a - a +0 robe (worn)
Scrolls
 c - a scroll of vulnerability {unknown}
Potions
 b - a potion of magic


   Skills:
 + Level 2.8 Dodging
 + Level 3.0 Stealth
 + Level 3.4 Spellcasting
 + Level 1.7 Conjurations
 + Level 3.5 Fire Magic


You had 5 spell levels left.
You knew the following spells:

 Your Spells              Type           Power      Damage    Failure   Level
a - Foxfire               Conj/Fire      56%        2x1d6     4%          1
b - Scorch                Fire           36%        2d6       4%          2

Your spell library contained the following spells:

 Spells                   Type           Power      Damage    Failure   Level
 Inner Flame              Hex/Fire       11%        N/A       19%         3
 Volatile Blastmotes      Fire/Tloc      22%        2d11      19%         3
 Flame Wave               Conj/Fire      14%        2d6       38%         4


Dungeon Overview and Level Annotations

Branches:
Dungeon (2/15)

Altars:

Shops:
D:1 !


Message History

Casting: Scorch (safe; 4% risk of failure)
Confirm with . or Enter, or press ? or * to list all spells.
You conjure some foxfire!
The ribbon worm barely misses you.
You hit the ribbon worm.
You punch the ribbon worm, but do no damage.
The ribbon worm is lightly wounded.
The foxfire hits the ribbon worm.
The ribbon worm is moderately wounded.
You hit the ribbon worm.
The ribbon worm is heavily wounded.
The ribbon worm bites you. The ribbon worm barely misses you.
You see here a ribbon worm corpse.
The ribbon worm bites you. The ribbon worm bites you.
Casting: Foxfire (safe; 4% risk of failure)
Confirm with . or Enter, or press ? or * to list all spells.
You conjure some foxfire!
The foxfire hits the ribbon worm.
The ribbon worm is heavily wounded.
The foxfire hits the ribbon worm.
The ribbon worm is severely wounded.
Casting: Foxfire (safe; 4% risk of failure)
Confirm with . or Enter, or press ? or * to list all spells.
You don't have enough magic to cast this spell.
The ribbon worm barely misses you.
Casting: Foxfire (safe; 4% risk of failure)
Confirm with . or Enter, or press ? or * to list all spells.
You conjure some foxfire!
The ribbon worm expels a string of sticky webbing.
The stream of webbing hits you but does no damage.
You are caught in a web!
The web tears apart.
The foxfire hits the ribbon worm.
The ribbon worm is severely wounded.
The foxfire hits the ribbon worm.
The ribbon worm is almost dead.
The ribbon worm expels a string of sticky webbing.
The stream of webbing misses you. The ribbon worm bites you!
You die...

#.# #.#
#.# #.#
#.# #.#
#.# ###.#
#.@.#
####..w##
+.......##
####....†#
##.##.#
#...
####.# ...
#.# #..
#.# #..##
#.#


You could see a ribbon worm (catching breath).

Vanquished Creatures
  A ribbon worm (D:2)
  4 bats (D:1)
  3 endoplasms (D:1)
  A giant cockroach (D:1)
  A goblin (D:1)
  A hobgoblin (D:1)
  5 jackals (D:1)
  4 kobolds (D:1)
  3 rats (D:1)
23 creatures vanquished.

Vanquished Creatures (others)
  130 foxfires
130 creatures vanquished.

Grand Total: 153 creatures vanquished

Notes
Turn   | Place    | Note
-------+----------+-------------------------------------------
     0 | D:1      | Arctor the Deep Elf Fire Elementalist began the quest for
                  | the Orb.
     0 | D:1      | Reached XP level 1. HP: 10/10 MP: 6/6
   320 | D:1      | Reached XP level 2. HP: 15/15 MP: 6/8
   776 | D:1      | Found Rebloyqo's Distillery.
   853 | D:1      | Learned a level 2 spell: Scorch
  1170 | D:2      | Reached XP level 3. HP: 19/19 MP: 1/9
  1184 | D:2      | Slain by a ribbon worm

Illustrated notes

Levels and vault maps discovered:
D:1:      erik_arrival_blinker_ship, layout_rooms, serial_shops,
          nicolae_shop_industrial_runoff, columned_hall_lemuel, minivault_19
D:2:      layout_loops_corners, serial_shops, shop,
          dreamdust_ecumenical_altar_grove

Skill      XL: |  1  2 |
---------------+-------+-----
Stealth        | 3 |  3.0
Dodging        | |  2.8
Spellcasting   | |  3.4
Conjurations   | |  1.7
Fire Magic     | |  3.5

Action                     || total
---------------------------++-------
  Melee: Unarmed           ||     2
         Punch             ||     1
   Cast: Foxfire           ||    74
         Scorch            ||     2
 Armour: Robe              ||     4
  Dodge: Dodged            ||     9
